 Dungeon Crawl Stone Soup version 0.25-a0-306-g3faca94 (webtiles) character file.

Game seed: 8744584803423888053, levelgen mode: deterministic

6394 Birdy the Ogre Mage (level 10, -10/88 HPs)
             Began as an Ogre Fire Elementalist on Dec 21, 2019.
             Mangled by an ogre
             ... wielding a +0 giant club
              (30 damage)
             ... on level 9 of the Dungeon.
             The game lasted 00:38:12 (9853 turns).

Birdy the Ogre Mage (Ogre Fire Elementalist)        Turns: 9853, Time: 00:38:12

Health: -10/88     AC:  8    Str: 14    XL:     10   Next: 97%
Magic:  7/22       EV: 10    Int: 19    God:
Gold:   489        SH:  0    Dex: 11    Spells: 13/26 levels left

rFire    . . .     SeeInvis +   l - +2 dagger (venom)
rCold    . . .     Gourm    .   (no shield)
rNeg     + . .     Faith    .   t - +1 robe of the Postmodern Dances {rN+ Dex+2} (curse)
rPois    .         Spirit   .   (helmet restricted)
rElec    .         Reflect  .   b - +1 cloak
rCorr    .         Harm     .   (gloves unavailable)
MR       +....     Rnd*Tele +   (boots unavailable)
Stlth    ++........             (no amulet)
HPRegen  0.24/turn              k - -2 ring of protection (curse)
MPRegen  0.18/turn              d - ring of teleportation (curse)

@: slowed, very slow
A: large, unfitting armour, icy blue scales 1, iridescent scales 1, see
invisible, tough skin 1
a: no special abilities


You were on level 9 of the Dungeon.
You were not hungry.

You visited 1 branch of the dungeon, and saw 9 of its levels.

You collected 489 gold pieces.

Inventory:

Hand Weapons
 g - a +0 morningstar
 i - a -2 executioner's axe
 l - a +2 dagger of venom (weapon)
 p - a +0 quarterstaff
Armour
 b - a +1 cloak (worn)
 t - the cursed +1 robe of the Postmodern Dances (worn) {rN+ Dex+2}
   (You found it on level 7 of the Dungeon)

   It affects your dexterity (+2).
   It protects you from negative energy.
   It has a curse placed upon it.
Jewellery
 d - a cursed ring of teleportation (right hand)
 k - a cursed -2 ring of protection (left hand)
 w - an uncursed ring of positive energy
Wands
 j - a wand of polymorph (1)
 q - a wand of iceblast (17)
 u - a wand of clouds (6)
Scrolls
 e - 5 scrolls of identify
 m - 2 scrolls of fog
 r - a scroll of vulnerability
 s - a scroll of enchant armour
Potions
 a - a potion of might
 f - 3 potions of flight
 h - a potion of mutation
 n - 2 potions of lignification
 v - a potion of brilliance
Comestibles
 c - 13 rations


   Skills:
 - Level 2.7 Fighting
 - Level 1.7 Dodging
 - Level 1.4 Stealth
 + Level 8.9 Spellcasting
 + Level 7.7 Conjurations
 + Level 6.8 Hexes
 + Level 8.2 Fire Magic


You had 13 spell levels left.
You knew the following spells:

 Your Spells              Type           Power        Failure   Level  Hunger
a - Foxfire               Conj/Fire      ####         1%          1    None
b - Inner Flame           Hex/Fire       #####...     1%          3    None
c - Sticky Flame          Conj/Fire      #####...     3%          4    ###....
d - Summon Small Mammal   Summ           #...         9%          1    None
e - Iskenderun's Mystic   Conj/Tloc      ###.....     17%         4    ###....

Your spell library contained the following spells:

 Spells                   Type           Power        Failure   Level  Hunger
 Confusing Touch          Hex            ####..       1%          1    None
 Magic Dart               Conj           ####         1%          1    None
 Searing Ray              Conj           #####.       1%          2    None
 Conjure Flame            Conj/Fire      #####...     1%          3    None
 Dazzling Flash           Conj/Hex       #####.       1%          3    None
 Fulminant Prism          Conj/Hex       #####.....   4%          4    ###....
 Animate Skeleton         Necr           N/A          9%          1    None
 Apportation              Tloc           #.....       9%          1    None
 Pain                     Necr           #...         9%          1    None
 Fireball                 Conj/Fire      #####.....   9%          5    #####..
 Regeneration             Chrm/Necr      #.........   26%         3    None
 Vampiric Draining        Necr           #.........   26%         3    None
 Animate Dead             Necr           N/A          63%         4    ###....


Dungeon Overview and Level Annotations

Branches:
Dungeon (9/15)             Temple (0/1) D:5
   Lair: D:8-11         Orc: D:9-12

Altars:
Dithmenos
Fedhas
Gozag
Makhleb
Okawaru
Qazlal
Sif Muna
Wu Jian
Xom

Annotations:
D:9 Erica


Innate Abilities, Weirdness & Mutations

You are too large for most types of armour.
You have tough skin. (AC +1)
You are partially covered in icy blue scales. (AC +2)
You are partially covered in iridescent scales. (AC +2)
You have supernaturally acute eyesight. (SInv)


Message History

You are confused.
You hit the bullfrog.
The bullfrog is lightly wounded.
The bullfrog hits you but does no damage.
The bullfrog hits you.
* * * LOW HITPOINT WARNING * * *
You feel better.
The bullfrog hits you but does no damage.
Erica points at you and mumbles some strange words.
You feel yourself slow down.
You feel better.
The bullfrog hits you but does no damage.
The bullfrog hits you!
* * * LOW HITPOINT WARNING * * *
Erica gestures wildly while chanting.
Erica flickers and vanishes for a moment.
The ogre closely misses you. The bullfrog barely misses you.
The bullfrog closely misses you.
The ogre hits you with a +0 giant club!!
You die...

########## #....ol..#
####(######F######
#####....)....@........
##.........(...#O@.#####
##.#.##.#..##(###.......
..###.......)).##...####
##.#...)#..##)$##...#
...........##.o##...#
##....).#..##..##...#
#..##<##..##... ...#
#...............


You could see Erica (invisible), an ogre and a bullfrog.

Vanquished Creatures
  A two-headed ogre (D:8)
  Grinder (D:4)
  2 hippogriffs
  5 yaks
  2 wyverns (D:9)
  2 hungry ghosts (D:7)
  An acid dragon (D:7)
  Edmund (D:5)
  2 sky beasts
  A black bear (D:7)
  2 orc warriors
  An ice beast (D:8)
  6 ogres
  A wolf (D:4)
  4 centaurs
  2 wyvern zombies
  A bullfrog (D:6)
  10 scorpions
  2 howler monkeys
  3 crimson imps
  A centaur zombie (D:8)
  A quasit (D:9)
  2 hounds
  10 orc priests
  A jelly (D:9)
  8 orc wizards
  A bullfrog skeleton (D:7)
  11 worker ants
  4 iguanas
  A killer bee zombie (D:7)
  A hound zombie (D:5)
  Robin (D:4)
  10 adders
  4 gnolls
  4 oozes
  An adder skeleton (D:8)
  5 worms
  3 dart slugs (D:1)
  3 leopard geckos
  41 orcs
  18 bats
  4 giant cockroaches
  17 goblins
  5 hobgoblins
  16 jackals
  5 kobolds
  2 quokkas
  6 frilled lizards
  A quokka skeleton (D:5)
  6 rats (D:1)
243 creatures vanquished.

Vanquished Creatures (others)
  An orc (D:7)
  541 foxfires
  A fungus (D:9)
543 creatures vanquished.

Grand Total: 786 creatures vanquished

Notes
Turn   | Place    | Note
-------+----------+-------------------------------------------
     0 | D:1      | Birdy the Ogre Fire Elementalist began the quest for the
                  | Orb.
     0 | D:1      | Reached XP level 1. HP: 16/16 MP: 3/3
    30 | D:1      | Reached skill level 1 in Conjurations
    91 | D:1      | Reached XP level 2. HP: 18/26 MP: 0/5
   238 | D:1      | Reached skill level 1 in Fighting
   478 | D:1      | Reached XP level 3. HP: 33/33 MP: 1/6
   581 | D:1      | You fall into a shaft and drop 1 floor!
  1159 | D:2      | Reached XP level 4. HP: 42/42 MP: 3/7
  1364 | D:2      | Found a burning altar of Makhleb.
  1941 | D:3      | Reached XP level 5. HP: 30/50 MP: 0/8
  2233 | D:3      | Learned a level 3 spell: Inner Flame
  2761 | D:3      | Learned a level 4 spell: Sticky Flame
  2861 | D:3      | Gained mutation: You are partially covered in iridescent
                  | scales. (AC +2) [potion of mutation]
  2861 | D:3      | Gained mutation: You are partially covered in icy blue
                  | scales. (AC +2) [potion of mutation]
  2861 | D:3      | Gained mutation: You have supernaturally acute eyesight.
                  | (SInv) [potion of mutation]
  3666 | D:3      | Reached XP level 6. HP: 19/59 MP: 2/10
  4159 | D:4      | Noticed Robin
  4161 | D:4      | Noticed Sigmund
  4172 | D:4      | Noticed Grinder
  4607 | D:4      | Paralysed by Grinder for 4 turns
  4608 | D:4      | Killed Grinder
  4608 | D:4      | Reached skill level 1 in Hexes
  4608 | D:4      | Reached XP level 7. HP: 58/66 MP: 5/12
  4620 | D:4      | Killed Robin
  4624 | D:4      | Noticed Sigmund
  4624 | D:4      | Sigmund changed into Sigmund the wolf
  4628 | D:4      | Killed Sigmund the wolf
  4855 | D:4      | Found an iron altar of Okawaru.
  4884 | D:4      | Reached skill level 5 in Fire Magic
  4972 | D:5      | Entered Level 5 of the Dungeon
  5001 | D:5      | Noticed Edmund
  5013 | D:5      | Killed Edmund
  5013 | D:5      | Reached XP level 8. HP: 74/74 MP: 6/15
  5110 | D:5      | Reached skill level 5 in Spellcasting
  5258 | D:5      | Reached skill level 5 in Conjurations
  5508 | D:6      | Learned a level 1 spell: Summon Small Mammal
  5513 | D:6      | Found a shimmering altar of Xom.
  5847 | D:6      | Reached XP level 9. HP: 80/80 MP: 5/18
  6670 | D:7      | Got a steaming robe
  6671 | D:7      | Identified the cursed +1 robe of the Postmodern Dances {rN+
                  | Dex+2} (You found it on level 7 of the Dungeon)
  7339 | D:7      | Reached skill level 5 in Hexes
  7900 | D:8      | Noticed a two-headed ogre
  8015 | D:7      | Reached XP level 10. HP: 57/88 MP: 12/21
  8210 | D:8      | Killed a two-headed ogre
  8445 | D:8      | Learned a level 4 spell: Iskenderun's Mystic Blast
  8618 | D:8      | Found a shadowy altar of Dithmenos.
  8622 | D:8      | Found a stormy altar of Qazlal.
  8626 | D:8      | Found a shimmering blue altar of Sif Muna.
  8627 | D:8      | Found a blossoming altar of Fedhas.
  8628 | D:8      | Found an opulent altar of Gozag.
  8634 | D:8      | Found an ornate altar of the Wu Jian Council.
  8846 | D:9      | HP: 3/88 [yak (10)]
  8848 | D:8      | HP: 1/88 [yak (9)]
  8863 | D:8      | HP: 6/132 [yak (5)]
  9848 | D:9      | Noticed Erica
  9853 | D:9      | Mangled by an ogre

Levels and vault maps discovered:
D:1:      nicolae_arrival_washed_ashore, layout_loops_ring
D:2:      layout_rooms, makhleb_grotto_becter
D:3:      layout_loops_ring, first_ration, minmay_starry_boxes
D:4:      layout_rooms, okawaru_altar_gauntlet_db, uniq_robin, uniq_grinder,
          uniq_sigmund
D:5:      layout_loops_ring, gammafunk_temple_overflow_wave,
          minmay_temple_entry_wispy, uniq_edmund
D:6:      layout_cave_pods, xom_teletrap_fun
D:7:      layout_cave_pods
D:8:      layout_basic, minitemple
D:9:      old_forge, layout_loops_ring, uniq_erica

Skill      XL: |  1  2  3  4  5  6  7  8  9 10 |
---------------+-------------------------------+-----
Conjurations   | 1 2 3 4 5 6 7 |  7.7
Fire Magic     | 3 4 5 6 7 8 |  8.2
Fighting       | 1 2 |  2.7
Spellcasting   | 3 4 6 7 8 |  8.9
Hexes          | 1 2 4 5 6 |  6.8
Dodging        | |  1.7
Stealth        | |  1.4

Action                   |  1- 3 |  4- 6 |  7- 9 | 10-12 || total
-------------------------+-------+-------+-------+-------++-------
Melee: Unarmed           |    24 |       |       |       ||    24
       Whip              |    23 |   138 |       |       ||   161
       Morningstar       |       |    46 |       |       ||    46
       Dagger            |       |     8 |   106 |    78 ||   192
 Cast: Foxfire           |    49 |    96 |   139 |    52 ||   336
       Inner Flame       |       |    12 |    20 |     7 ||    39
       Sticky Flame      |       |     3 |    13 |    19 ||    35
       Summon Small Mamm |       |       |     3 |       ||     3
       Iskenderun's Myst |       |       |       |     3 ||     3
Evoke: Wand              |       |       |     2 |       ||     2
  Use: Potion            |     2 |     4 |     1 |     5 ||    12
       Scroll            |     2 |     5 |     5 |     3 ||    15
 Stab: Sleeping          |     1 |     1 |       |     1 ||     3
  Eat: Chunk             |     1 |    10 |    16 |     5 ||    32
       Ration            |       |     1 |     1 |     1 ||     3
Armor: Robe              |    46 |    90 |    67 |    67 ||   270
       Skin              |       |       |       |     3 ||     3
Dodge: Dodged            |    54 |   139 |    86 |    74 ||   353

Table legend:
 A = Non-vault XP
 B = Vault XP
 C = Vault XP percentage of total XP
 D = Non-vault monster count
 E = Vault monster count
 F = Vault count percentage of total count
                 A         B        C        D         E       F
            +---------+---------+-------+---------+---------+-------
      Total |    7923 |    1212 |  13.3 |     205 |      38 |  15.6
            +---------+---------+-------+---------+---------+-------
        D:1 |      62 |       0 |   0.0 |      29 |       0 |   0.0
        D:2 |      53 |       0 |   0.0 |      10 |       0 |   0.0
        D:3 |     233 |      11 |   4.5 |      34 |       3 |   8.1
        D:4 |     301 |     450 |  59.9 |      14 |      18 |  56.2
        D:5 |     686 |     162 |  19.1 |      23 |       1 |   4.2
        D:6 |     546 |       0 |   0.0 |      17 |       0 |   0.0
        D:7 |    1906 |       0 |   0.0 |      42 |       0 |   0.0
        D:8 |    1715 |       0 |   0.0 |      10 |       0 |   0.0
        D:9 |    2421 |     589 |  19.6 |      26 |      16 |  38.1
            +---------+---------+-------+---------+---------+-------
